AoeStats
← Augi662101

MegaRandom

508519083Analyzed
2v2 RM · 9d ago on Sep 22, 2026· 37m 49s· 4 players
Game mode
Random Map
Map size
Medium (4 player)
Population
200
Speed
Normal
Resources
Standard
Victory
Conquest
Starting age
Dark Age
Ending age
Imperial Age
RankedLock teamsTeams togetherTeam positionsShared explorationLock speedFull tech treeHidden civsTurbo modeCheats
Victory
Defeat
🇧🇷 Random · Brazil
830
+16
🇧🇷 Bulgarians · Brazil
823
+17
🇧🇪 Random · Belgium
873
-18
🇺🇸 Random · United States
806
-15
Joe Camel
8:31 Loom
10:49 Feudal Age
11:14 Man-at-Arms
12:20 Double-Bit Axe
13:34 Arson
15:26 Wheelbarrow
17:21 Scale Mail Armor
17:31 Forging
20:25 Town Watch
26:37 Castle Age
28:04 Hand Cart
27:49 Town Patrol
28:16 Long Swordsman
28:43 Gambesons
28:59 Squires
29:53 Bow Saw
30:32 Chain Mail Armor
30:53 Iron Casting
33:43 Imperial Age
33:39 Town Patrol
34:07 Two-Handed Swordsman
34:58 Capped Ram
36:03 Siege Ram
ViniCassi
11:38 Feudal Age
11:12 Loom
16:36 Arson
25:02 Castle Age
23:19 Forging
26:42 Iron Casting
26:08 Scale Mail Armor
26:16 Squires
26:01 Gambesons
29:42 Chain Mail Armor
Augi662101
9:14 Loom
11:07 Feudal Age
24:08 Castle Age
21:55 Loom
24:56 Fletching
26:52 Double-Bit Axe
26:53 Horse Collar
29:03 Wheelbarrow
Nicrom
6:15 Loom
10:22 Feudal Age
11:21 Double-Bit Axe
14:07 Horse Collar
15:58 Bloodlines
15:57 Man-at-Arms
23:23 Scale Mail Armor
23:33 Forging
30:18 Castle Age
32:26 Light Cavalry
33:28 Chain Mail Armor
33:48 Iron Casting
32:48 Long Swordsman
33:13 Gambesons
Connection lost

Rejoining the realm…

Still unreachable

The connection could not be restored.

Session expired

The server has moved on; the page needs a fresh start.